 Dungeon Crawl Stone Soup version 0.23-a0-582-g1b4a0ca2fb (webtiles) character file.

1229 Maize the Cleaver (level 8, -6/71 HPs)
             Began as a Minotaur Fighter on Dec 16, 2018.
             Mangled by an ogre
             ... wielding a +0 giant spiked club
              (19 damage)
             ... on level 7 of the Dungeon.
             The game lasted 00:07:18 (4291 turns).

Maize the Cleaver (Minotaur Fighter)                Turns: 4291, Time: 00:07:19

Health: -6/71      AC: 11    Str: 23    XL:     8   Next: 24%
Magic:  7/7        EV: 11    Int:  8    God:
Gold:   251        SH:  0    Dex: 10    Spells: 7/7 levels left

rFire    . . .     SeeInvis .   a - +0 war axe
rCold    . . .     Gourm    .   (no shield)
rNeg     . . .     Faith    .   n - +2 scale mail {MR+}
rPois    .         Spirit   .   (helmet restricted)
rElec    .         Reflect  .   (no cloak)
rCorr    .         Harm     .   (no gloves)
MR       +....                  j - +0 pair of boots
Stlth    ..........             (no amulet)
HPRegen  0.21/turn              c - +3 ring of intelligence
MPRegen  0.10/turn              B - +2 ring of evasion

@: no status effects
A: retaliatory headbutt, horns 2
a: no special abilities


You were on level 7 of the Dungeon.
You were not hungry.

You visited 2 branches of the dungeon, and saw 8 of its levels.

You collected 251 gold pieces.

Inventory:

Hand Weapons
 a - a +0 war axe (weapon)
Missiles
 v - 2 steel tomahawks (quivered)
Armour
 j - a +0 pair of boots (worn)
 n - a +2 scale mail of magic resistance (worn)
Jewellery
 c - a +3 ring of intelligence (left hand)
 B - a +2 ring of evasion (right hand)
Wands
 w - a wand of random effects (12)
 A - a wand of digging (7)
 E - a wand of flame (16)
Scrolls
 e - a scroll of noise {unknown}
 g - 5 scrolls of identify {unknown}
 h - 5 scrolls of remove curse {unknown}
 k - 2 scrolls of blinking {unknown}
 l - 2 scrolls of fear {unknown}
 o - a scroll of fog {unknown}
 q - 2 scrolls of magic mapping {unknown}
 r - a scroll of immolation {unknown}
 t - a scroll of amnesia {unknown}
 y - a scroll of teleportation {unknown}
 D - a scroll of random uselessness {unknown}
Potions
 b - 3 potions of lignification {unknown}
 d - 3 potions of might
 i - 2 potions of haste {unknown}
 m - 2 potions of agility {unknown}
 p - 2 potions of flight {unknown}
 s - a potion of brilliance {unknown}
 u - a potion of mutation {unknown}
 z - 2 potions of curing {unknown}
 C - a potion of heal wounds {unknown}
Comestibles
 f - 16 rations
 x - 11 chunks of flesh


   Skills:
 + Level 6.9 Fighting
 * Level 8.8 Axes
 + Level 6.9 Armour
   Level 3.6 Shields


You had 7 spell levels left.
You didn't know any spells.
Your spell library contained the following spells:

 Spells                   Type           Power        Failure   Level  Hunger
 Magic Dart               Conj           #...         69%         1    ##.....
 Blink                    Tloc           N/A          83%         2    ###....
 Call Imp                 Summ           #.......     83%         2    ###....
 Slow                     Hex            #.......     83%         2    ###....
 Conjure Flame            Conj/Fire      #.......     96%         3    ####...
 Mephitic Cloud           Conj/Pois/Air  #.......     96%         3    ####...


Dungeon Overview and Level Annotations

Branches:
Dungeon (7/15)             Temple (1/1) D:4

Altars:
Cheibriados
Dithmenos
Elyvilon
Fedhas
Gozag
Hepliaklqana
Kikubaaqudgha
Makhleb
Nemelex Xobeh
Qazlal
Ru
Trog
Uskayaw
Vehumet
Wu Jian
Xom
Yredelemnul
Zin
The Shining One


Innate Abilities, Weirdness & Mutations

You reflexively headbutt those who attack you in melee.
You have a pair of horns on your head.


Message History

An ogre comes into view. It is wielding a +0 giant spiked club.
The ogre shouts!
Found a scroll labeled PUAFIWN SOGOMA.
Found a stone staircase leading down.
There is a stone staircase leading up here.
You hit the orc warrior but do no damage.
Your headbutt misses the orc warrior. You slash the ogre!
The orc warrior misses you. You furiously retaliate!
You headbutt the orc warrior, but do no damage.
The ogre hits you with a +0 giant spiked club!
* * * LOW HITPOINT WARNING * * *
You hit the orc warrior but do no damage.
You headbutt the orc warrior, but do no damage.
You completely miss the ogre. You hit the orc warrior.
The orc warrior is lightly wounded.
You slash the ogre!
The orc warrior hits you with a +0 battleaxe!
* * * LOW HITPOINT WARNING * * *
The ogre hits you with a +0 giant spiked club!!
You die...

.. #... #. ...#
#. .... #.# ..#
#..###.###
#.>.#....##.
#...O.......
#..o@......#
#..........#
#...........##
...............#
..............##
.............##
.....?########
.#....


You could see an orc warrior and an ogre.

Vanquished Creatures
  Sigmund (D:2)
  A sky beast (D:6)
  An ogre (D:4)
  A phantom (D:4)
  A centaur (D:3)
  A bullfrog (D:6)
  A scorpion (D:5)
  A crimson imp (D:6)
  3 hounds
  A gnoll shaman (D:6)
  A centaur skeleton (D:4)
  Terence (D:2)
  An orc priest (D:4)
  4 worker ants
  Robin (D:2)
  8 gnolls
  9 adders
  3 shadow imps
  An adder zombie (D:5)
  2 dart slugs
  7 leopard geckos
  13 orcs
  A giant cockroach (D:4)
  11 goblins
  11 hobgoblins
  5 jackals (D:3)
  2 quokkas
  A ball python (D:3)
  8 bats
  2 frilled lizards
  2 jackal skeletons (D:4)
  7 kobolds
  A quokka skeleton (D:2)
  4 rats
  A plant (D:1)
119 creatures vanquished.

Notes
Turn   | Place    | Note
-------+----------+-------------------------------------------
     0 | D:1      | Maize the Minotaur Fighter began the quest for the Orb.
     0 | D:1      | Reached XP level 1. HP: 19/19 MP: 0/0
   160 | D:1      | Reached skill level 3 in Axes
   160 | D:1      | Reached XP level 2. HP: 27/27 MP: 1/1
   635 | D:2      | Found a sparkling altar of Nemelex Xobeh.
   739 | D:2      | Found a faded altar of an unknown god.
   747 | D:2      | You fall through a shaft!
   763 | D:3      | Reached XP level 3. HP: 31/33 MP: 2/2
   943 | D:2      | Found an opulent altar of Gozag.
   956 | D:2      | Reached skill level 4 in Axes
  1135 | D:2      | Noticed Terence
  1139 | D:2      | Killed Terence
  1139 | D:2      | Reached XP level 4. HP: 41/41 MP: 3/3
  1192 | D:2      | Noticed Sigmund
  1210 | D:2      | Killed Sigmund
  1210 | D:2      | Reached skill level 5 in Fighting
  1210 | D:2      | Reached skill level 5 in Axes
  1210 | D:2      | Reached skill level 5 in Armour
  1210 | D:2      | Reached XP level 5. HP: 48/48 MP: 4/4
  1351 | D:2      | Found a sacrificial altar of Ru.
  1355 | D:2      | Identified the +2 helmet "Taggau Zila" {*Slow rN+++ Int+5
                  | Dex-4}
  1355 | D:2      | Noticed Robin
  1369 | D:2      | Killed Robin
  1369 | D:2      | Reached XP level 6. HP: 39/56 MP: 5/5
  1569 | D:3      | Found a hazy altar of Hepliaklqana.
  1653 | D:3      | Found a glowing golden altar of the Shining One.
  1666 | D:3      | Reached skill level 6 in Axes
  2167 | D:4      | Found an ancient bone altar of Kikubaaqudgha.
  2187 | D:4      | Reached skill level 7 in Axes
  2187 | D:4      | Reached XP level 7. HP: 56/62 MP: 6/6
  2283 | D:4      | Found a snail-covered altar of Cheibriados.
  2296 | D:4      | Found a staircase to the Ecumenical Temple.
  2305 | Temple   | Entered the Ecumenical Temple
  3081 | D:5      | Entered Level 5 of the Dungeon
  3105 | D:5      | Found a shadowy altar of Dithmenos.
  3922 | D:6      | Reached skill level 8 in Axes
  4050 | D:6      | Reached XP level 8. HP: 67/71 MP: 7/7
  4184 | D:6      | Found a white marble altar of Elyvilon.
  4291 | D:7      | Mangled by an ogre

Vault maps used:
D:1:      roderic_crop_circles_arrival_small
D:2:      nicolae_ru_the_path_less_chosen, old_standard_altar,
          nemelex_xobeh_ov_fountains_minmay, chequers_ecumenical_altar_island,
          uniq_sigmund, uniq_robin, uniq_terence
D:3:      tso_metal_star, lemuel_doored_altar, dk_vineyard_3, kennysheep_potato
D:4:      kennysheep_slug_shrine, lemuel_round_altar,
          minmay_temple_entry_statues_pillars, first_ration,
          kennysheep_generic_room_4
D:5:      nicolae_dithmenos_the_darkroom
D:6:      marbit_many_paths, chequers_serial_rivers_marsh
D:7:      okawaru_altar_gauntlet_db, enter_ossuary_1
Temple:   minmay_temple_curvy_loop

Skill      XL: |  1  2  3  4  5  6  7 |
---------------+----------------------+-----
Axes           | 3 4 5 7 8 |  8.8
Fighting       | 4 5 6 |  6.9
Armour         | 4 5 6 |  6.9
Shields        | |  3.6

Action                   |  1- 3 |  4- 6 |  7- 9 || total
-------------------------+-------+-------+-------++-------
Melee: War axe           |    83 |    94 |   103 ||   280
       Headbutt          |    15 |    11 |    18 ||    44
  Eat: Chunk             |     1 |     3 |     7 ||    11
Armor: Scale mail        |    38 |    47 |    61 ||   146
Dodge: Dodged            |    49 |    54 |    72 ||   175

Table legend:
 A = Non-vault XP
 B = Vault XP
 C = Vault XP percentage of total XP
 D = Non-vault monster count
 E = Vault monster count
 F = Vault count percentage of total count
                 A         B        C        D         E       F
            +---------+---------+-------+---------+---------+-------
      Total |    1333 |     423 |  24.1 |     102 |      16 |  13.6
            +---------+---------+-------+---------+---------+-------
        D:1 |      26 |       0 |   0.0 |      16 |       0 |   0.0
        D:2 |      43 |     281 |  86.7 |      13 |      13 |  50.0
        D:3 |     205 |       2 |   1.0 |      28 |       1 |   3.4
        D:4 |     464 |       4 |   0.9 |      16 |       1 |   5.9
        D:5 |     241 |       0 |   0.0 |      17 |       0 |   0.0
        D:6 |     354 |     136 |  27.8 |      12 |       1 |   7.7
            +---------+---------+-------+---------+---------+-------
